 Dungeon Crawl Stone Soup version 0.28-a0-834-g1a73be5ee4 (webtiles) character file.

Game seed: 6786729253615241773

3004 flotson the Skirmisher (level 9, -3/73 HPs)
             Began as a Demonspawn Delver on Nov 11, 2021.
             Was an Initiate of Gozag.
             Slain by a white ugly thing (35 damage)
             ... on level 7 of the Dungeon.
             The game lasted 00:14:38 (9702 turns).

flotson the Skirmisher (Demonspawn Delver)          Turns: 9702, Time: 00:14:39

Health: -3/73      AC: 17    Str: 16    XL:     9   Next: 54%
Magic:  9/9        EV: 12    Int: 11    God:    Gozag
Gold:   259        SH:  7    Dex: 15    Spells: 8/8 levels left

rFire   . . .      SeeInvis .   a - +0 hand axe (elec)
rCold   . . .      Faith    .   q - +2 buckler
rNeg    . . .      Spirit   .   s - +0 scale mail
rPois   +          Reflect  .   L - +2 helmet
rElec   .          Harm     .   (no cloak)
rCorr   .          Rampage  .   w - +0 pair of gloves
Will    .....                   (no boots)
Stlth   +.........              C - amulet of the acrobat
HPRegen 0.22/turn               K - +4 ring of protection
MPRegen 0.11/turn               l - ring of poison resistance

@: no status effects
A: claws 2, rugged brown scales 1, foul stench 2
a: Renounce Religion, Potion Petition, Call Merchant, Bribe Branch


You were on level 7 of the Dungeon.
You worshipped Gozag.
Gozag was aware of your devotion.
You visited 2 branches of the dungeon, and saw 9 of its levels.

You collected 360 gold pieces.
You paid 101 gold pieces to Gozag.

Inventory:

Hand Weapons
 a - a +0 hand axe of electrocution (weapon)
 b - a +0 fustibalus
Missiles
 j - 9 poisoned darts (quivered)
 J - 49 sling bullets
Armour
 q - a +2 buckler (worn)
 s - a +0 scale mail (worn)
 w - a +0 pair of gloves (worn)
 L - a +2 helmet (worn)
Jewellery
 h - a ring of resist corrosion
 l - a ring of poison resistance (right hand)
 o - a ring of positive energy
 v - a ring of willpower
 C - an amulet of the acrobat (around neck)
 I - a ring of flight
 K - a +4 ring of protection (left hand)
Wands
 g - a wand of digging (3)
Scrolls
 c - a scroll of fog
 d - 5 scrolls of magic mapping
 m - 2 scrolls of holy word {unknown}
 n - 4 scrolls of teleportation {unknown}
 t - a scroll of enchant armour {unknown}
 u - 3 scrolls of identify {unknown}
 y - 2 scrolls of amnesia {unknown}
 A - 2 scrolls of blinking {unknown}
 D - a scroll of immolation {unknown}
 F - a scroll of silence {unknown}
 G - 2 scrolls of torment {unknown}
 H - a scroll of noise {unknown}
Potions
 f - a potion of haste
 k - 4 potions of might
 p - a potion of mutation {unknown}
 r - 2 potions of attraction {unknown}
 x - a potion of resistance {unknown}
 z - 2 potions of magic {unknown}
 E - 2 potions of curing


   Skills:
 + Level 6.8 Fighting
 - Level 1.7(2.4) Axes
 + Level 2.4(2.8) Maces & Flails
 + Level 5.0 Throwing
 + Level 5.5 Armour
 + Level 5.8 Dodging
 - Level 4.5 Stealth
 - Level 4.0 Shields


You had 8 spell levels left.
You didn't know any spells.
Your spell library contained the following spells:

 Spells                   Type           Power      Damage    Failure   Level
 Animate Skeleton         Necr           0%         N/A       75%         1
 Pain                     Necr           0%         1d4       75%         1
 Sting                    Tmut/Pois      0%         1d3       75%         1
 Ensorcelled Hibernation  Hex/Ice        0%         N/A       86%         2
 Poisonous Vapours        Pois/Air       0%         N/A       86%         2
 Gell's Gravitas          Tloc           0%         N/A       98%         3
 Teleport Other           Tloc           0%         N/A       98%         3
 Tukima's Dance           Hex            0%         N/A       98%         3
 Vampiric Draining        Necr           0%         2d6       98%         3
 Olgreb's Toxic Radiance  Pois           0%         N/A       100%        4
 Dispersal                Tloc           0%         N/A       100%        6


Dungeon Overview and Level Annotations

Branches:
Dungeon (8/15)             Temple (1/1) D:7
   Lair: D:8-11

Altars:
Dithmenos
Gozag
Hepliaklqana
Qazlal
Trog


Innate Abilities, Weirdness & Mutations

You have very sharp fingernails.
You are partially covered in rugged brown scales. (AC +1, +3% HP)
You sometimes emit foul miasma when damaged in melee.


Message History

Throw: 14 darts (poison)
Press: ? - help, Q - select action, (/) - cycle Shift-Dir - straight line, f/p - white ugly thing
Aim: a white ugly thing (severely wounded, poisoned, 64% to hit)
You throw a poisoned dart.
The poisoned dart closely misses the white ugly thing.
The white ugly thing barely misses you.
Throw: 13 darts (poison)
Press: ? - help, Q - select action, (/) - cycle Shift-Dir - straight line, f/p - white ugly thing
Aim: a white ugly thing (severely wounded, poisoned, 64% to hit)
You throw a poisoned dart.
The poisoned dart hits the white ugly thing!
The white ugly thing looks even sicker.
The white ugly thing is severely wounded.
Press: ? - help, v - describe, . - travel The floor.
The white ugly thing misses you.
The white ugly thing tentacle-slaps you but does no damage.
The white ugly thing looks more healthy.
Throw: 12 darts (poison)
Press: ? - help, Q - select action, (/) - cycle Shift-Dir - straight line, f/p - white ugly thing
Aim: a white ugly thing (severely wounded, 64% to hit)
You throw a poisoned dart.
The poisoned dart closely misses the white ugly thing.
Throw: 11 darts (poison)
Press: ? - help, Q - select action, (/) - cycle Shift-Dir - straight line, f/p - white ugly thing
Aim: a white ugly thing (severely wounded, 64% to hit)
You throw a poisoned dart.
The poisoned dart closely misses the white ugly thing.
The white ugly thing tentacle-slaps you but does no damage.
Throw: 10 darts (poison)
Press: ? - help, Q - select action, (/) - cycle Shift-Dir - straight line, f/p - white ugly thing
Aim: a white ugly thing (severely wounded, 64% to hit)
You throw a poisoned dart.
The poisoned dart hits the white ugly thing!
The white ugly thing is poisoned.
The white ugly thing is severely wounded.
The white ugly thing tentacle-slaps you!
The white ugly thing freezes you!!
You die...
Your body crumbles into a pile of gold.

...#..#...............##[..##..#.
...#..##############'###..<##..#.
...#..##....###..##...##..[##..##
..######^.........#...#....##..##
..##..##.......>..'...#######..##
.[##..######.######...##...##....
..#...##..##.###########.........
.))(.....(............#..........
..##..##.(.....u@(....#....##'###
####..##'#########....##...##..##
...#..##..##...###....##..(##...#
...#....(.....((......#.........#
...#......(...<.(.....#.........#
..#...###..#.##.#...####...#"...#
#####.#############...###########
#.....# #)....# #.....# #.....#


You could see a white ugly thing (very poisoned).

Vanquished Creatures
  Pikel (D:6)
  A steam dragon (D:7)
  2 vampire mosquitoes
  Edmund (D:4)
  A water moccasin (D:7)
  2 orc warriors
  An ice beast (D:6)
  2 sky beasts
  A necrophage (D:4)
  An ogre (D:6)
  2 phantoms
  A centaur (D:5)
  A lemure (D:6)
  Blork the orc (D:5)
  4 scorpions
  A water moccasin skeleton (D:4)
  3 hounds
  A centaur zombie (D:7)
  4 orc priests
  2 jellies
  A bullfrog skeleton (D:6)
  3 centaur skeletons
  6 orc wizards
  A hound zombie (D:5)
  2 howler monkey zombies
  5 adders
  3 gnolls (D:7)
  A shadow imp (D:6)
  A white imp (D:5)
  An ufetubus (D:7)
  An adder skeleton (D:4)
  A worm (D:2)
  3 dart slugs
  7 orcs
  7 ball pythons
  7 endoplasms
  8 goblins
  2 hobgoblins
  3 jackals (D:4)
  4 quokkas
  9 bats
  A frilled lizard (D:2)
  4 kobolds
  5 rats
119 creatures vanquished.

Notes
Turn   | Place    | Note
-------+----------+-------------------------------------------
     0 | D:5      | flotson the Demonspawn Delver began the quest for the Orb.
     0 | D:5      | Reached XP level 1. HP: 18/18 MP: 1/1
     0 | D:5      | Noticed Blork the orc
    56 | D:4      | Reached skill level 1 in Armour
    56 | D:4      | Gained mutation: You may rarely emit foul miasma when
                  | damaged in melee. [demonic ancestry]
    56 | D:4      | Reached XP level 2. HP: 3/24 MP: 2/2
    56 | D:4      | Reached XP level 3. HP: 4/29 MP: 3/3
   600 | D:2      | Gained mutation: You are partially covered in rugged brown
                  | scales. (AC +1, +3% HP) [demonic ancestry]
   600 | D:2      | Reached XP level 4. HP: 15/38 MP: 4/4
  1546 | D:1      | Reached skill level 4 in Fighting
  1621 | D:1      | Found a faded altar of an unknown god.
  2899 | D:3      | Gained mutation: You have sharp fingernails. [demonic
                  | ancestry]
  2899 | D:3      | Reached XP level 5. HP: 43/43 MP: 5/5
  3395 | D:4      | Noticed a necrophage
  3419 | D:4      | Killed a necrophage
  3420 | D:4      | Reached skill level 1 in Throwing
  3420 | D:4      | Reached skill level 1 in Shields
  3538 | D:4      | Reached XP level 6. HP: 36/49 MP: 6/6
  4860 | D:5      | Noticed Edmund
  4910 | D:4      | Killed Edmund
  4911 | D:4      | Gained mutation: You sometimes emit foul miasma when
                  | damaged in melee. [demonic ancestry]
  4911 | D:4      | Reached XP level 7. HP: 32/56 MP: 7/7
  5122 | D:5      | Killed Blork the orc
  5357 | D:5      | Reached skill level 5 in Fighting
  6152 | D:5      | Reached XP level 8. HP: 37/63 MP: 8/8
  6746 | D:6      | Noticed Pikel
  6799 | D:6      | Killed Pikel
  6800 | D:6      | Reached skill level 6 in Fighting
  6800 | D:6      | Reached skill level 5 in Dodging
  7263 | D:6      | Gained mutation: You have very sharp fingernails. [demonic
                  | ancestry]
  7263 | D:6      | Reached XP level 9. HP: 36/71 MP: 9/9
  7736 | D:6      | Reached skill level 1 in Maces & Flails
  7953 | D:7      | Reached skill level 5 in Armour
  9184 | D:7      | Reached skill level 5 in Throwing
  9192 | D:7      | Found a staircase to the Ecumenical Temple.
  9199 | Temple   | Entered the Ecumenical Temple
  9234 | Temple   | Became a worshipper of Gozag Ym Sagoz the Greedy
  9560 | D:8      | Noticed a white ugly thing
  9565 | D:8      | Noticed a troll
  9702 | D:7      | Slain by a white ugly thing

Illustrated notes

Levels and vault maps discovered:
D:1:      tarquinn_simple_flora_water_a, layout_loops_ring,
          ebering_ecumenical_altar_rust, minmay_pentomino_x2
D:2:      layout_basic
D:3:      layout_loops_ring, grunt_ministairs_15
D:4:      layout_layer_cave, supply_closet_lemuel
D:5:      layout_rooms, minmay_small_thing, uniq_blork_the_orc, uniq_edmund
D:6:      layout_basic, minmay_misc_feat_iff, uniq_pikel
D:7:      layout_gridville, minmay_temple_entry_junction_2
D:8:      minmay_diamond_stairs, layout_layer_cave, hangedman_decor_opposing
Temple:   mainiacjoe_temple_hex_bubbles

Skill      XL: |  1  2  3  4  5  6  7  8  9 |
---------------+----------------------------+-----
Armour         | 1 2 3 4 5 |  5.5
Dodging        | 2 3 4 5 |  5.8
Fighting       | 4 5 6 |  6.8
Throwing       | 1 2 3 4 5 |  5.0
Shields        | 1 2 3 4 |  4.0
Maces & Flails | 2 |  2.4
Axes           | |  1.7
Stealth        | |  4.5

Action                   |  1- 3 |  4- 6 |  7- 9 || total
-------------------------+-------+-------+-------++-------
Melee: Hand axe          |    49 |   193 |    32 ||   274
       Whip              |       |       |   211 ||   211
 Fire: Fustibalus        |       |    11 |   168 ||   179
Throw: Dart              |       |     8 |    69 ||    77
  Use: Potion            |       |       |     5 ||     5
       Scroll            |       |       |     1 ||     1
 Stab: Sleeping          |     5 |     3 |       ||     8
Armor: Leather armour    |    14 |    33 |       ||    47
       Scale mail        |       |    62 |   225 ||   287
Dodge: Dodged            |    35 |   114 |   197 ||   346
Block: Buckler           |       |    43 |   155 ||   198

Table legend: (Time is in decaauts)
 A = Elapsed time spent in this place.
 B = Non-inter-level travel time spent in this place.
 C = Inter-level travel time spent in this place.
 D = Time resting spent in this place.
 E = Time spent auto-exploring this place.
 F = Levels seen in this place.
 G = Mean time per level.
                   A        B        C        D        E       F      G
               +--------+--------+--------+--------+--------+-----+--------+
         Total |   9808 |   9524 |    284 |    620 |   7102 |   9 | 1089.8 |
       Dungeon |   9749 |   9489 |    260 |    620 |   7073 |   8 | 1218.6 |
        Temple |     59 |     35 |     24 |      0 |     29 |   1 |   59.0 |
               +--------+--------+--------+--------+--------+-----+--------+

Top non-repeatable levels by time:
     D:4: 2028 daAuts
     D:6: 2016 daAuts
     D:5: 1553 daAuts
     D:7: 1302 daAuts
     D:2: 1249 daAuts
     D:1: 847 daAuts
     D:3: 726 daAuts
  Temple: 59 daAuts
     D:8: 24 daAuts
